 Dungeon Crawl Stone Soup version 0.24-a0-462-ge24419a6ad (webtiles) character file.

Game seed: 18011635993988867942

17991 DasRunzen the Blocker (level 12, -2/110 HPs)
             Began as a Minotaur Fighter on July 1, 2019.
             Was a High Priest of Okawaru.
             Slain by a komodo dragon (18 damage)
             ... on level 5 of the Lair of Beasts.
             The game lasted 00:22:33 (8864 turns).

DasRunzen the Blocker (Minotaur Fighter)            Turns: 8864, Time: 00:22:34

Health: -2/110     AC: 16    Str: 25    XL:     12   Next: 23%
Magic:  17/17      EV: 10    Int:  5    God:    Okawaru [*****.]
Gold:   474        SH:  4    Dex: 12    Spells: 11/11 levels left

rFire    . . .     SeeInvis .   r - +2 battleaxe "Busepn" {vamp, +Inv}
rCold    + + .     Gourm    .   (shield currently unavailable)
rNeg     + + .     Faith    .   C - +0 ring mail "Ziclog" {rElec rPois rN++ Dex-2} (curse)
rPois    +         Spirit   .   (helmet restricted)
rElec    +         Reflect  +   v - scarf {rC+ rF+}
rCorr    .         Harm     .   l - +2 pair of gloves {Dex+3}
MR       .....                  z - +1 pair of boots {Stlth+}
Stlth    ++........             A - +4 amulet of reflection
HPRegen  0.28/turn              k - ring of ice
MPRegen  0.15/turn              q - +3 ring of protection

@: no status effects
A: retaliatory headbutt, horns 2
a: Heroism, Finesse, Renounce Religion, Evoke Invisibility


You were on level 5 of the Lair of Beasts.
You worshipped Okawaru.
Okawaru was extremely pleased with you.
You were hungry.

You visited 3 branches of the dungeon, and saw 14 of its levels.

You collected 773 gold pieces.
You spent 299 gold pieces at shops.

Inventory:

Hand Weapons
 a - a +1 war axe
 r - the +2 battleaxe "Busepn" (weapon) {vamp, +Inv}
   (You bought it in a shop on level 6 of the Dungeon)

   It inflicts no extra harm, but heals its wielder when it wounds a living foe.
   It lets you turn invisible.
 t - the +8 dagger "Ciats" {drain, rElec}
   (You found it on level 7 of the Dungeon)

   A truly terrible weapon, it drains the life of those it strikes.
   It insulates you from electricity.
Armour
 c - a +0 shield
 i - a +0 plate armour
 l - a +2 pair of gloves of dexterity (worn)
 v - a scarf of resistance (worn)
 z - a +1 pair of boots of stealth (worn)
 B - the +2 chain mail of Molow {Slay+3, unknown}
   (Okawaru gifted it to you on level 3 of the Lair of Beasts)

   It affects your accuracy and damage with ranged weapons and melee attacks
   (+3).
 C - the cursed +0 ring mail "Ziclog" (worn) {rElec rPois rN++ Dex-2}
   (You found it on level 2 of the Lair of Beasts)

   It affects your dexterity (-2).
   It insulates you from electricity.
   It protects you from poison.
   It greatly protects you from negative energy.
   It has a curse placed upon it.
Jewellery
 g - an uncursed ring of magical power
 k - a ring of ice (left hand)
 q - a +3 ring of protection (right hand)
 y - an uncursed ring of ice
 A - a +4 amulet of reflection (around neck)
Wands
 m - a wand of paralysis (19)
 s - a wand of disintegration (16)
 x - a wand of flame (10)
Scrolls
 n - a scroll of teleportation
 D - 2 scrolls of remove curse
Potions
 b - a potion of ambrosia
 d - 4 potions of might
 e - 4 potions of curing
 h - a potion of cancellation
 j - 3 potions of heal wounds
 o - a potion of magic
 p - 3 potions of agility
 u - 4 potions of flight
 w - a potion of invisibility
Comestibles
 f - 26 rations


   Skills:
 + Level 11.4 Fighting
 + Level 11.1 Axes
 + Level 11.4 Armour
 + Level 11.4 Shields
 + Level 8.8 Invocations


You had 11 spell levels left.
You didn't know any spells.
Your spell library contained the following spells:

 Spells                   Type           Power        Failure   Level  Hunger
 Corona                   Hex            #......      58%         1    ##.....
 Slow                     Hex            #.......     73%         2    ###....
 Inner Flame              Hex/Fire       #.......     91%         3    ####...
 Portal Projectile        Hex/Tloc       #.....       91%         3    ####...
 Cause Fear               Hex            #.........   100%        4    #####..
 Leda's Liquefaction      Hex/Erth       #.........   100%        4    #####..


Dungeon Overview and Level Annotations

Branches:
Dungeon (9/15)             Temple (1/1) D:4            Lair (3/6) D:9
  Snake (0/4) Lair:3          Orc (0/2) D:9
  Swamp: Lair:2-4    Shoals: Lair:2-4

Altars:
Ashenzari
Cheibriados
Dithmenos
Elyvilon
Fedhas
Gozag
Hepliaklqana
Kikubaaqudgha
Makhleb
Nemelex Xobeh
Okawaru
Qazlal
Ru
Sif Muna
Trog
Uskayaw
Vehumet
Wu Jian
Xom
Yredelemnul
Zin
The Shining One

Shops:
D:6 (

Portals:
Gauntlet: Lair:5

Annotations:
D:5 2 transporters
Lair:3 1 runed translucent door, Gobyopp's ghost, journeyman HOFi


Innate Abilities, Weirdness & Mutations

You reflexively headbutt those who attack you in melee.
You have a pair of horns on your head.


Message History

Unknown command.
You closely miss the komodo dragon. You headbutt the komodo dragon.
The komodo dragon is heavily wounded.
You barely miss the blink frog. The blink frog misses you.
The komodo dragon bites you but does no damage.
The blink frog barely misses you.
Unknown command.
You barely miss the komodo dragon. Your headbutt misses the komodo dragon.
The komodo dragon is heavily wounded.
You closely miss the blink frog.
The blink frog blinks!
The komodo dragon bites you!
* * * LOW HITPOINT WARNING * * *
Unknown command.
You closely miss the komodo dragon.
You headbutt the komodo dragon, but do no damage.
The komodo dragon is heavily wounded.
You slice the blink frog!!
You feel better. The blink frog hits you!
* * * LOW HITPOINT WARNING * * *
The blink frog blinks!
The komodo dragon bites you!!
You die...

# ### .#.. .. ##...
.....##... ##
.....#.... #. #
.....#...## .##.#
..........##...###.
..........†@l.......
##....8.....8§.<..8..
#..∩............F....
##...###....##....#..
#...(#.#....# .#### .
#..##.....####
###...F.....#
###P##.#..#.....8
#.#........##......


You could see a komodo dragon and 2 blink frogs.

Vanquished Creatures
  Fannar (Lair:1)
  A hydra (Lair:5)
  4 two-headed ogres
  Nergalle (Lair:1)
  Pikel (D:7)
  A necromancer (Lair:3)
  2 black mambas
  Joseph (Lair:1)
  A gargoyle (D:9)
  7 spiny frogs
  A komodo dragon (Lair:2)
  2 rime drakes
  A hornet (Lair:5)
  Prince Ribbit (D:7)
  3 hippogriffs
  A slime creature (Lair:1)
  4 blink frogs
  Sigmund (D:7)
  A vampire (D:9)
  A wyvern (D:8)
  Menkaure (D:6)
  Edmund (D:7)
  2 water moccasins
  6 porcupines
  2 orc warriors
  4 ice beasts
  4 sky beasts
  2 phantoms
  A black bear (D:9)
  3 ogres
  6 wolves (Lair:2)
  3 centaurs
  4 crocodiles
  10 bullfrogs
  Blork the orc (D:5)
  A big kobold (D:7)
  3 scorpions (D:9)
  3 killer bees (D:8)
  4 wights (D:9)
  An electric eel (Lair:1)
  A howler monkey (D:8)
  6 crimson imps
  3 quasits
  3 centaur skeletons
  2 hounds (D:6)
  4 orc priests
  7 jellies
  8 orc wizards
  2 bullfrog skeletons (D:5)
  2 iguanas
  9 worker ants
  2 yak simulacra (Lair:3)
  3 polar bear simulacra (Lair:3)
  2 wolf simulacra (Lair:3)
  A hound zombie (D:8)
  A hound skeleton (D:8)
  9 adders
  3 shadow imps
  13 oozes (Lair:1)
  2 worms (D:4)
  4 dart slugs
  8 leopard geckos
  22 orcs
  2 ball pythons
  10 bats
  4 giant cockroaches
  5 goblins
  5 hobgoblins
  20 jackals
  9 kobolds
  A quokka (D:3)
  4 frilled lizards
  A leopard gecko skeleton (D:4)
  7 rats
  4 river rat simulacra (Lair:3)
  3 fungi (D:9)
  5 plants
295 creatures vanquished.

Vanquished Creatures (others)
  A slave (D:7)
  An ogre (D:7)
  A worker ant (D:7)
  14 fungi
  15 plants
32 creatures vanquished.

Grand Total: 327 creatures vanquished

Notes
Turn   | Place    | Note
-------+----------+-------------------------------------------
     0 | D:1      | DasRunzen the Minotaur Fighter began the quest for the Orb.
     0 | D:1      | Reached XP level 1. HP: 19/19 MP: 0/0
   148 | D:1      | Reached XP level 2. HP: 27/27 MP: 1/1
   657 | D:2      | Reached XP level 3. HP: 33/33 MP: 2/2
   899 | D:2      | Reached XP level 4. HP: 39/40 MP: 3/3
  2004 | D:4      | Found a snail-covered altar of Cheibriados.
  2035 | D:4      | Found a staircase to the Ecumenical Temple.
  2050 | D:4      | Reached XP level 5. HP: 41/47 MP: 4/4
  2068 | Temple   | Entered the Ecumenical Temple
  2102 | Temple   | Became a worshipper of Warmaster Okawaru
  2471 | D:4      | Reached skill level 5 in Armour
  2471 | D:4      | Reached skill level 5 in Shields
  2529 | D:4      | Reached skill level 5 in Fighting
  2532 | D:4      | Reached skill level 1 in Invocations
  2532 | D:4      | Reached XP level 6. HP: 53/56 MP: 5/5
  2998 | D:5      | Entered Level 5 of the Dungeon
  3043 | D:5      | Noticed Blork the orc
  3051 | D:5      | Killed Blork the orc
  3051 | D:5      | Reached * piety under Okawaru
  3051 | D:5      | Reached XP level 7. HP: 60/61 MP: 7/7
  3072 | D:5      | Found a transporter.
  3104 | D:5      | Found a transporter.
  3244 | D:5      | Reached skill level 5 in Axes
  3333 | D:5      | Reached ** piety under Okawaru
  3519 | D:5      | Reached XP level 8. HP: 50/71 MP: 9/9
  3865 | D:6      | Found Fuvvoidime's Antique Weapon Boutique.
  3873 | D:6      | Noticed Menkaure
  3889 | D:6      | Killed Menkaure
  3937 | D:6      | Bought a scorched battleaxe for 299 gold pieces
  3942 | D:6      | Identified the +2 battleaxe "Busepn" {vamp, +Inv} (You
                  | bought it in a shop on level 6 of the Dungeon)
  4255 | D:7      | Noticed Edmund
  4266 | D:7      | Killed Edmund
  4286 | D:7      | Noticed Sigmund
  4299 | D:7      | Killed Sigmund
  4299 | D:7      | Reached *** piety under Okawaru
  4299 | D:7      | Reached XP level 9. HP: 79/79 MP: 11/11
  4333 | D:7      | Noticed Pikel
  4343 | D:7      | Killed Pikel
  4370 | D:7      | Reached skill level 5 in Invocations
  4389 | D:7      | Noticed Prince Ribbit
  4403 | D:7      | Killed Prince Ribbit
  4446 | D:7      | Got a jewelled dagger
  4495 | D:7      | Found a glowing golden altar of the Shining One.
  4496 | D:7      | Found a stormy altar of Qazlal.
  4497 | D:7      | Found a bloodstained altar of Trog.
  4518 | D:7      | Reached **** piety under Okawaru
  4912 | D:8      | Reached XP level 10. HP: 82/90 MP: 13/13
  4919 | D:8      | Noticed a two-headed ogre
  4926 | D:8      | Killed a two-headed ogre
  4926 | D:8      | Reached ***** piety under Okawaru
  5024 | D:8      | Received a gift from Okawaru
  5291 | D:9      | Noticed a two-headed ogre
  5297 | D:9      | Killed a two-headed ogre
  5317 | D:9      | Found a staircase to the Orcish Mines.
  5367 | D:9      | Found a staircase to the Lair.
  5392 | D:9      | Noticed a gargoyle
  5416 | D:9      | Killed a gargoyle
  5591 | D:9      | Noticed a two-headed ogre
  5602 | D:9      | Killed a two-headed ogre
  5602 | D:9      | Reached skill level 10 in Shields
  5602 | D:9      | Reached XP level 11. HP: 65/99 MP: 15/15
  5738 | D:9      | Reached skill level 10 in Fighting
  5738 | D:9      | Reached skill level 10 in Armour
  5809 | D:9      | Noticed a two-headed ogre
  6021 | D:9      | Killed a two-headed ogre
  6331 | Lair:1   | Entered Level 1 of the Lair of Beasts
  6382 | Lair:1   | Noticed Fannar
  6474 | Lair:1   | Killed Fannar
  6532 | Lair:1   | Received a gift from Okawaru
  6651 | Lair:1   | Noticed Joseph
  6664 | Lair:1   | Killed Joseph
  6664 | Lair:1   | Reached skill level 10 in Axes
  6806 | Lair:1   | Noticed Nergalle
  6824 | Lair:1   | Killed Nergalle
  7862 | Lair:2   | Got a dazzling ring mail
  7873 | Lair:2   | Identified the cursed +0 ring mail "Ziclog" {rElec rPois
                  | rN++ Dex-2} (You found it on level 2 of the Lair of Beasts)
  8160 | Lair:2   | Identified the +8 dagger "Ciats" {drain, rElec} (You found
                  | it on level 7 of the Dungeon)
  8181 | Lair:3   | Found a staircase to the Snake Pit.
  8181 | Lair:3   | Noticed a four-headed hydra
  8377 | Lair:3   | Noticed a necromancer
  8384 | Lair:3   | Killed a necromancer
  8384 | Lair:3   | Reached XP level 12. HP: 64/110 MP: 17/17
  8724 | Lair:3   | Received a gift from Okawaru
  8727 | Lair:3   | Got a faintly humming chain mail {god gift}
  8735 | Lair:3   | Found a runed translucent door.
  8735 | Lair:3   | Found a shimmering altar of Xom.
  8735 | Lair:3   | Identified the cursed +0 flail of Xeunwush {chaos, rF+
                  | Str+6}
  8735 | Lair:3   | Noticed Gobyopp's ghost (journeyman HOFi)
  8755 | Lair:3   | You fall into a shaft and drop 2 floors!
  8776 | Lair:5   | Noticed a six-headed hydra
  8788 | Lair:5   | Killed a six-headed hydra
  8839 | Lair:5   | Found a gate leading to a gauntlet.
  8864 | Lair:5   | Slain by a komodo dragon

Levels and vault maps discovered:
D:1:      saegor_arrival_simple_c, layout_basic
D:2:      layout_rooms
D:3:      layout_rooms, serial_co_window_serial, co_window_corner_a,
          co_window_paths_a, co_window_paths_a, co_window_paths_a,
          co_window_paths_a, co_window_corner_a, co_window_broadway_b,
          co_window_of_opportunity_b, co_window_broadway_b,
          co_window_broadway_b, co_window_corner_b, co_window_broadway_c,
          co_window_broadway_b, co_window_paths_d, glass_columns_b, first_ration
D:4:      layout_loops_ring, cheibriados_altar_1, minmay_temple_entry_ruins
D:5:      gammafunk_cloud_chamber, layout_loops_cross, minivault_14,
          uniq_blork_the_orc
D:6:      layout_rooms, serial_shops, nicolae_shop_trees, minmay_crossroads,
          uniq_menkaure
D:7:      layout_rooms, minitemple, sigmund_edmund_badplayer,
          uniq_prince_ribbit1, uniq_pikel
D:8:      layout_rooms, minmay_holes
D:9:      layout_stronghold, due_lair_maze_entry_diamond, orc_0_dummy
Temple:   dpeg_five_rooms_temple
Lair:1:   lemuel_slime, layout_hall_layers, serial_bayou_lagoon_a,
          serial_bayou_pond_d, lemuel_fruit_tree, uniq_joseph, uniq_nergalle,
          uniq_fannar
Lair:2:   layout_regular_city
Lair:3:   layout_chaotic_city, guppyfry_snake_entry_island,
          nicolae_volcano_entry_s_turn, ebering_ghost_xom,
          chequers_serial_rivers_micro_e, eino_house_with_fridge
Lair:5:   layout_roguey, gauntlet_entry_generic, kennysheep_rathole,
          grunt_megastairs_5, infiniplex_staircase_pool

Skill      XL: |  1  2  3  4  5  6  7  8  9 10 11 12 |
---------------+-------------------------------------+-----
Armour         | 4 5 6 7 8 9 11 | 11.4
Shields        | 4 5 6 7 8 10 11 | 11.4
Fighting       | 4 5 6 7 8 9 11 | 11.4
Axes           | 3 4 5 6 8 9 10 11 | 11.1
Invocations    | 1 2 3 4 5 7 8 |  8.8

Action                   |  1- 3 |  4- 6 |  7- 9 | 10-12 || total
-------------------------+-------+-------+-------+-------++-------
Melee: War axe           |    86 |   101 |   107 |       ||   294
       Headbutt          |    13 |    22 |    50 |    85 ||   170
       Battleaxe         |       |       |   123 |   375 ||   498
       Dagger            |       |       |       |    13 ||    13
Invok: Heroism           |       |       |       |     3 ||     3
       Finesse           |       |       |       |     2 ||     2
  Use: Scroll            |       |     7 |     6 |     5 ||    18
       Potion            |       |       |       |     1 ||     1
  Eat: Chunk             |       |     6 |     7 |    13 ||    26
Armor: Scale mail        |    44 |       |       |       ||    44
       Plate armour      |    18 |    61 |   255 |   268 ||   602
       Ring mail         |       |       |       |    48 ||    48
Dodge: Dodged            |    21 |    21 |    91 |   173 ||   306
Block: Shield            |    58 |    44 |    72 |       ||   174
       Other             |       |       |       |    29 ||    29

Table legend:
 A = Non-vault XP
 B = Vault XP
 C = Vault XP percentage of total XP
 D = Non-vault monster count
 E = Vault monster count
 F = Vault count percentage of total count
                 A         B        C        D         E       F
            +---------+---------+-------+---------+---------+-------
      Total |   18749 |    6953 |  27.1 |     235 |      53 |  18.4
            +---------+---------+-------+---------+---------+-------
        D:1 |      32 |       0 |   0.0 |      18 |       0 |   0.0
        D:2 |      80 |       0 |   0.0 |      27 |       0 |   0.0
        D:3 |      20 |       0 |   0.0 |       9 |       0 |   0.0
        D:4 |     521 |       0 |   0.0 |      28 |       0 |   0.0
        D:5 |     796 |      90 |  10.2 |      20 |       1 |   4.8
        D:6 |     720 |     203 |  22.0 |      17 |       2 |  10.5
        D:7 |     627 |    1262 |  66.8 |      18 |       4 |  18.2
        D:8 |    2914 |       0 |   0.0 |      30 |       0 |   0.0
        D:9 |    4099 |    1192 |  22.5 |      32 |      11 |  25.6
     Lair:1 |    1808 |    2767 |  60.5 |       8 |      21 |  72.4
     Lair:2 |    3432 |       0 |   0.0 |      16 |       0 |   0.0
     Lair:3 |    1990 |     829 |  29.4 |       8 |      12 |  60.0
     Lair:5 |    1710 |     610 |  26.3 |       4 |       2 |  33.3
            +---------+---------+-------+---------+---------+-------
